Map: Cyber Forest LE

Players

Mesrob - Winner!

  • Race: Terran Terran
  • Spawn Location: 11:00

HandsomeD

  • Race: Terran Terran
  • Spawn Location: 5:00

VOD

Have the link to the VOD?

Description

Time

  • Played on: Jan. 22, 2019, 2:12 p.m.
  • Length: 14:55
Show
View Real Time Build Order
Export as new Build Order

Mesrob Terran - Winner!

Build Orders: Mech 

Get SALT Encoding   

  12  0:01  SCV  
  13  0:13  SCV  
  14  0:19  Supply Depot  
  14  0:25  SCV  
  15  0:40  SCV  
  15  0:42  Barracks  
  16  0:47  Refinery  
  16  0:52  SCV  
  17  1:04  SCV  
  18  1:16  SCV  
  19  1:28  Orbital Command  
  19  1:40  Command Center  
  19  1:42  Marine  
  20  1:54  SCV  
  21  2:02  Factory  
  21  2:06  SCV  
  22  2:16  Bunker  
  22  2:19  SCV  
  23  2:23  Refinery, Barracks Tech Lab  
  23  2:46  Supply Depot  
  23  2:52  SCV  
  23  2:54  Supply Depot  
  24  3:04  Siege Tank, SCV  
  28  3:09  Orbital Command  
  28  3:16  Engineering Bay, SCV  
  29  3:28  SCV  
  30  3:36  Siege Tank  
  30  3:40  SCV  
  34  3:43  Supply Depot  
  34  3:51  Command Center  
  34  4:04  Factory  
  34  4:06  Marine  
  34  4:08  Siege Tank  
  38  4:12  Missile Turret  
  38  4:24  Marine  
  38  4:26  SCV x2  
  41  4:35  Missile Turret  
  42  4:38  SCV  
  42  4:52  Factory  
  42  4:59  Factory Reactor  
  42  5:00  Siege Tank, Missile Turret  
  45  5:13  SCV  
  45  5:14  SCV  
  47  5:20  Armory  
  47  5:26  SCV x2  
  49  5:30  Missile Turret  
  49  5:36  Supply Depot  
  49  5:38  SCV  
  50  5:43  Planetary Fortress  
  50  5:45  SCV  
  51  5:50  Missile Turret  
  51  5:51  Refinery  
  51  6:00  Supply Depot  
  51  6:11  Missile Turret  
  51  6:12  Sensor Tower  
  51  6:15  SCV x2  
  53  6:19  Factory Reactor  
  53  6:21  Hellbat, Hellion  
  53  6:23  Hellbat  
  53  6:24  Supply Depot  
  59  6:27  SCV  
  59  6:31  Missile Turret  
  59  6:32  SCV  
  61  6:33  SCV  
  63  6:40  SCV  
  63  6:43  Refinery  
  63  6:44  Sensor Tower  
  63  6:46  Refinery, Hellbat x2, Supply Depot  
  67  6:48  Thor  
  73  7:07  Refinery  
  73  7:09  Supply Depot  
  73  7:15  Hellbat x2  
  79  7:16  Hellbat x2  
  79  7:21  Terran Vehicle Weapons Level 1  
  81  7:29  Factory  
  81  7:31  SCV x3  
  81  7:35  Armory  
  84  7:43  SCV x3  
  87  7:51  Hellbat x2  
  91  7:52  Hellbat x2  
  91  7:53  Hellion  
  91  7:55  SCV x2  
  97  8:01  Factory  
  97  8:11  Thor  
  103  8:14  Factory  
  103  8:25  SCV x3  
  106  8:36  Factory Tech Lab  
  106  8:37  SCV  
  107  8:42  Command Center  
  107  8:46  Factory Tech Lab  
  107  8:53  Thor  
  113  8:59  Factory Tech Lab  
  113  9:01  Hellbat  
  113  9:06  Supply Depot  
  113  9:15  Thor  
  119  9:27  Terran Vehicle And Ship Armor Level 1  
  119  9:30  Terran Vehicle Weapons Level 2  
  119  9:34  Supply Depot  
  119  9:36  SCV  
  119  9:37  SCV x2  
  122  9:48  SCV  
  123  9:58  Supply Depot  
  123  10:01  Thor  
  123  10:02  Thor x2  
  141  10:09  Planetary Fortress  
  141  10:15  SCV  
  141  10:17  SCV  
  141  10:19  SCV  
  141  10:20  Supply Depot  
  144  10:27  SCV  
  145  10:29  SCV  
  145  10:31  SCV  
  147  10:39  SCV  
  147  10:41  SCV  
  149  10:43  Hellbat x2, Supply Depot, SCV  
  149  10:44  Hellbat x2, Thor  
  149  10:45  Thor x2  
  176  10:51  SCV  
  176  10:54  Factory  
  176  11:07  Supply Depot  
  176  11:08  Factory  
  174  11:14  Hellbat x4  
  174  11:15  Thor  
  188  11:28  Thor  
  188  11:30  Supply Depot  
  184  12:05  Thor x3  
  184  12:07  Hellbat x4  
  193  12:12  Factory Tech Lab, Factory Reactor  
  193  12:18  Thor  
  189  12:44  Refinery  
  189  12:45  Refinery  
  189  12:46  Thor  
  189  12:47  Hellbat x2  
  189  12:48  Hellbat  
  189  12:49  Command Center  
Show
View Real Time Build Order
Export as new Build Order

HandsomeD Terran 

Build Orders:  

Get SALT Encoding   

  12  0:05  SCV  
  13  0:17  SCV  
  14  0:25  Supply Depot  
  14  0:29  SCV  
  15  0:42  Refinery  
  15  0:48  SCV  
  16  1:00  SCV  
  16  1:03  Supply Depot  
  17  1:13  SCV  
  18  1:25  SCV  
  19  1:37  Command Center, SCV  
  20  1:49  SCV  
  20  1:52  Barracks  
  22  2:01  SCV  
  22  2:06  Refinery  
  22  2:13  SCV  
  23  2:24  Engineering Bay  
  23  2:25  SCV  
  24  2:47  Barracks  
  24  2:49  Marine  
  25  3:00  SCV  
  25  3:01  Sensor Tower  
  26  3:07  Marine  
  26  3:11  SCV  
  29  3:12  SCV  
  29  3:23  SCV  
  29  3:25  Marine, SCV  
  32  3:35  SCV  
  33  3:43  Marine  
  33  3:48  Command Center  
  33  3:51  SCV  
  33  3:55  SCV  
  35  4:01  Marine  
  36  4:03  SCV  
  36  4:06  Refinery  
  36  4:07  SCV  
  38  4:15  Marine, SCV  
  40  4:19  Marine, SCV  
  42  4:27  SCV  
  43  4:31  SCV  
  43  4:33  Marine  
  43  4:36  Supply Depot  
  45  4:39  SCV  
  46  4:57  Marine  
  46  4:58  SCV x2  
  49  5:00  Supply Depot  
  49  5:03  Supply Depot  
  49  5:08  SCV  
  49  5:10  SCV x2  
  52  5:15  Marine  
  52  5:20  SCV  
  54  5:24  Supply Depot  
  54  5:26  Supply Depot  
  54  5:29  Missile Turret  
  54  5:30  Marine  
  54  5:32  SCV  
  54  5:33  Marine  
  57  5:45  SCV  
  57  5:47  Supply Depot  
  59  5:50  Supply Depot  
  59  5:51  Marine  
  59  5:53  Barracks Tech Lab  
  59  5:57  SCV  
  60  6:09  Marine, SCV  
  62  6:11  Supply Depot  
  62  6:13  Supply Depot  
  62  6:19  Orbital Command  
  62  6:21  SCV  
  63  6:26  Marine  
  64  6:35  Supply Depot  
  64  6:42  Barracks  
  64  6:44  Marine  
  65  6:50  Barracks  
  65  6:55  Factory  
  65  6:58  Supply Depot  
  65  7:02  Marine  
  66  7:18  SCV  
  69  7:22  Marauder  
  69  7:23  Marine  
  70  7:30  SCV  
  71  7:38  Barracks  
  71  7:41  Marine  
  71  7:42  SCV  
  75  7:44  Marauder  
  75  7:54  SCV  
  75  7:57  Command Center  
  76  7:59  Marine  
  76  8:05  Marauder  
  79  8:06  SCV  
  79  8:11  Supply Depot  
  80  8:16  Factory Tech Lab  
  80  8:17  Marine  
  80  8:19  Barracks Tech Lab  
  81  8:27  Marauder  
  83  8:35  Marine  
  83  8:36  Supply Depot  
  84  8:48  Marauder  
  86  8:52  Marine  
  87  9:00  Supply Depot  
  86  9:09  Marauder  
  88  9:10  Marine  
  89  9:23  Supply Depot  
  89  9:27  Sensor Tower  
  89  9:28  Marine  
  89  9:31  Marauder  
  92  9:45  SCV  
  93  9:57  SCV  
  94  10:09  SCV  
  94  10:10  Siege Tank  
  98  10:16  Marauder  
  98  10:19  Marine  
  101  10:21  SCV  
  101  10:22  Barracks Tech Lab  
  102  10:30  Terran Infantry Weapons Level 1  
  102  10:37  Marine  
  102  10:38  Marauder  
  105  10:42  Siege Tank  
  105  10:47  SCV  
  109  10:55  Marine  
  110  10:59  Marauder, SCV  
  112  11:11  SCV  
  112  11:13  Marine  
  112  11:14  Marauder  
  112  11:15  Siege Tank  
  119  11:21  Marauder  
  119  11:23  SCV  
  122  11:30  Refinery  
  122  11:31  Marine  
  123  11:33  Refinery  
  123  11:36  Marauder, SCV  
  117  11:42  Marauder  
  118  11:47  Siege Tank  
  117  12:05  Marauder  
  73  12:24  Terran Infantry Armor Level 1  
  73  12:26  Marauder  
  49  12:48  Marauder  
Tags
 
Composition
Mech
Matchup
TvT
Race
Terran
Replay Pack
sc2 replays
Spawn Locations
Cross Positions
Add a new tag
Caveats
  • Supply blocks, unpowered buildings, or Contaminate may cause inaccurate times.
  • Supply counts are checked every 10 seconds.